[Event "*** Titled Tuesday Blitz"]
[Site "Chess.com"]
[Date "2018.10.02"]
[Round "9"]
[White "andrzej"]
[Black "ChessicallyInclined"]
[Result "0-1"]
[WhiteElo "2211"]
[BlackElo "2417"]
[TimeControl "180+2"]
[EndTime "14:59:49 PDT"]
[Termination "ChessicallyInclined won by checkmate"]

1. d4 Nf6 2. c4 g6 3. Nf3 Bg7 4. g3 O-O 5. Bg2 d6 6. O-O c6 7. Nc3 Qa5 8. Qc2 Qh5 9. Rd1 Bh3 10. Bh1 Nbd7 11. b3 e5 12. Ba3 c5 13. dxc5 dxc5 14. Bb2 Rfe8 15. Nd5 Nxd5 16. Rxd5 Nb6 17. Rxc5 Rad8 18. Rd1 Bf5 19. Qc1 e4 20. Nh4 Bxb2 21.
Rxd8 Rxd8 22. Qxb2 Bh3 23. Qc1 Qxc5 24. Bxe4 Qd4 25.
Bd3 Nd7 26. Nf3 Qg7 27. Qg5 Qf6 28. Qh6 Ne5 29. Nxe5 Qxe5 30. Qxh3 Qa1+ 31. Kg2 Qxa2 32.
Qh4 Re8 33. Qf6 Qxb3 34. h4 Qb6 35. Qg5 Qc6+ 36. Kh2 Kg7 37. h5 h6 38. Qg4 Qf6 39.
Kg2 Qg5 40. Qd4+ Qe5 41. Qg4 Qxh5 42. Qd4+ Qe5 43. Qxa7 Re7 44. Qb6 h5 45. Qd8 Re6 46. Qd7 b6 47. Qb7 g5 48. Qd7 h4 49. gxh4 gxh4 50.
Qd8 Qf4 51. Qd7 h3+ 52. Kh1 Qxf2 53. Qd8 Qg2# 0-1

[Event "*** Titled Tuesday Blitz"]
[Site "Chess.com"]
[Date "2018.10.02"]
[Round "9"]
[White "Alexander_Moskalenko"]
[Black "tigra"]
[Result "1-0"]
[WhiteElo "2860"]
[BlackElo "2781"]
[TimeControl "180+2"]
[EndTime "14:59:55 PDT"]
[Termination "Alexander_Moskalenko won by resignation"]

1. Nf3 Nf6 2. c4 c5 3. Nc3 d5 4. cxd5 Nxd5 5. e3 Nc6 6. Bb5 Nc7 7. Bxc6+ bxc6 8. Qa4 Bb7 9. b3 f6 10. Ba3 e5 11.
O-O Be7 12. Ne4 Qd5 13. Rfc1 Ne6 14. Qc4 O-O 15. Nxc5 Bxc5 16. Bxc5 Rfd8 17. d4 e4 18. Qxd5 cxd5 19. Nd2 f5 20. f4 Kf7 21. Kf2 g5 22. g3 Ba6 23. b4 Bd3 24. a4 a6 25.
Nb3 h5 26. Na5 Rdc8 27. Nb7 Rg8 28. Nd6+ Kf6 29. Rg1 h4 30. Nb7 Rh8 31. Bd6 Rh5 32.
Be5+ Kg6 33. Rac1 hxg3+ 34. hxg3 Rh2+ 35. Rg2 Rxg2+ 36. Kxg2 gxf4 37. gxf4 Rg8 38. Kf2 Re8 39. Nd6 Rf8 40. Rg1+ Kh5 41. Rh1+ Kg6 42. Rc1 Kh5 43.
Rc6 Kg4 44. Nb7 Re8 45. Nc5 Nxc5 46. dxc5 d4 47. Bxd4 Rb8 48. Rb6 Rc8 49. Rg6+ Kh5 50. Rg5+ Kh4 51. Rxf5 Rb8 52. Bc3 Rd8 53. Bf6+ Kg4 54. Rg5+ 1-0

[Event "*** Titled Tuesday Blitz"]
[Site "Chess.com"]
[Date "2018.10.02"]
[Round "9"]
[White "petrpalachev"]
[Black "AvitalBor"]
[Result "0-1"]
[WhiteElo "2789"]
[BlackElo "2653"]
[TimeControl "180+2"]
[EndTime "14:59:56 PDT"]
[Termination "AvitalBor won by resignation"]

1. Nf3 Nf6 2. c4 e6 3. g3 d5 4.
Bg2 dxc4 5. Qa4+ Bd7 6. Qxc4 c5 7. Ne5 Qc7 8. Nxd7 Nbxd7 9. O-O Be7 10. Qc2 h5 11. h3 h4 12. g4 Nd5 13. d4 Rc8 14.
dxc5 Bxc5 15. Qa4 Kf8 16. Bd2 N7b6 17. Qe4 Nc4 18. b3 Nxd2 19. Nxd2 Qf4 20. Qxf4 Nxf4 21. e3 Nxg2 22. Kxg2 Ke7 23. Rac1 Ba3 24. Rxc8 Rxc8 25. Nc4 Bb4 26. a4 Rd8 27. Rc1 Rd3 28. Rb1 Rc3 29. Rb2 f6 30. Kf3 a6 31. Kg2 b5 32. axb5 axb5 33.
Nd2 Rd3 34. Nb1 Rd1 35. Kf3 g5 36. Kg2 e5 37. Kf3 Ke6 38. Kg2 e4 39. Kh2 Ke5 40. Kg2 Ke6 41. f3 Ke5 42. fxe4 Kxe4 43. Kf2 Rd3 44.
Kg2 Kxe3 45. Rf2 Rd1 46. Rf3+ Kd4 47. Rf1 Rxf1 48. Kxf1 Kd3 0-1

[Event "*** Titled Tuesday Blitz"]
[Site "Chess.com"]
[Date "2018.10.02"]
[Round "9"]
[White "DanielNaroditsky"]
[Black "Sanan_Sjugirov"]
[Result "0-1"]
[WhiteElo "2958"]
[BlackElo "2846"]
[TimeControl "180+2"]
[EndTime "15:00:08 PDT"]
[Termination "Sanan_Sjugirov won by resignation"]

1. d4 Nf6 2. Bf4 e6 3. e3 c5 4.
Nc3 cxd4 5. exd4 d6 6. Nf3 Be7 7. Bd3 b6 8. Qe2 Bb7 9. O-O-O Nbd7 10. Ng5 Nd5 11. Nxd5 Bxd5 12. Ne4 Qc7 13. Kb1 Rc8 14. c4 Bb7 15. Rc1 O-O 16. h4 e5 17. Bg5 f6 18.
Bd2 f5 19. Ng5 Bxg5 20. hxg5 g6 21. c5 bxc5 22. dxe5 Nxe5 23. Bc2 Bxg2 24. f4 Bxh1 25.
Rxh1 Ng4 26. Bc3 h5 27. gxh6 Kh7 28. Re1 Qf7 29. Qd2 d5 30. Bg7 Rfe8 31. Rg1 d4 32. Ba4 Re7 33. Bb5 Rb8 34. a4 a6 35.
Bxa6 Rbe8 36. Bb5 Rd8 37. Rc1 Rc7 38. Bc4 Qe7 39. a5 Ne3 40. Be2 Qe4+ 41. Bd3 Qxf4 42. a6 c4 43. Bxc4 Qe4+ 44. Bd3 Rxc1+ 45. Kxc1 Rc8+ 46.
Kb1 Qh1+ 47. Ka2 Qd5+ 48. Ka3 Rc5 49. b4 Rc3+ 50. Ka4 Qb3+ 51. Kb5 Rxd3 52. Qc1 Rc3 53. Qh1 Qc4+ 54. Ka5 Ra3+ 0-1

[Event "*** Titled Tuesday Blitz"]
[Site "Chess.com"]
[Date "2018.10.02"]
[Round "9"]
[White "GHANDEEVAM2003"]
[Black "Indianlad"]
[Result "1/2-1/2"]
[WhiteElo "2887"]
[BlackElo "2816"]
[TimeControl "180+2"]
[EndTime "15:00:32 PDT"]
[Termination "Game drawn by agreement"]

1. Nf3 Nf6 2. c4 g6 3. Nc3 Bg7 4. e4 O-O 5. d4 d6 6. Be2 Nc6 7. d5 Nb8 8. O-O e6 9. Bg5 h6 10. Bh4 g5 11. Bg3 Nh5 12. Nd4 Nxg3 13. hxg3 a5 14.
Qd2 Na6 15. Rad1 Nc5 16. f4 e5 17. Ndb5 exf4 18. gxf4 g4 19. Qe3 Re8 20. f5 Bxc3 21. Nxc3 Qg5 22. Qxg5+ hxg5 23. Bxg4 Bd7 24. Rfe1 f6 25.
Kf2 Kg7 26. Bh5 Rh8 27. Rh1 a4 28. Bf3 Rxh1 29. Rxh1 Nd3+ 30. Ke3 Nxb2 31. Kd4 a3 32. Rb1 b6 33. Nd1 Na4 34. Nc3 Nc5 35. Ne2 Ra4 36.
Nc3 Ra5 37. Ne2 Ra8 38. Ng3 Ra4 39. Nh5+ Kf7 40. Bd1 Ra8 41. Be2 Re8 42. Ng3 Rh8 43.
Bh5+ Ke7 44. Kc3 Nxe4+ 45. Nxe4 Rxh5 46. Re1 Kf7 47. Kb4 Bxf5 48. Ng3 Rh2 49. Nxf5 Rxg2 50.
Kxa3 Rf2 51. Nd4 g4 52. Ne6 f5 53. Nxc7 g3 54. Nb5 g2 55. Nxd6+ Kf6 56. Rg1 Ke5 57. Nf7+ Kf6 58. Nd6 Re2 59. Nxf5 Kxf5 60. Kb4 Ke5 61. Kb5 Kd6 62. Kxb6 Rb2+ 63. Ka5 Rxa2+ 64. Kb4 Rf2 65. Kc3 Kc5 66. Kd3 Ra2 1/2-1/2

[Event "*** Titled Tuesday Blitz"]
[Site "Chess.com"]
[Date "2018.10.02"]
[Round "9"]
[White "kasparik_garik"]
[Black "Benek77"]
[Result "0-1"]
[WhiteElo "2549"]
[BlackElo "2602"]
[TimeControl "180+2"]
[EndTime "15:00:43 PDT"]
[Termination "Benek77 won by resignation"]

1. e4 c5 2. Nf3 d6 3. Nc3 Nf6 4.
Bb5+ Nbd7 5. O-O a6 6. Bxd7+ Bxd7 7. e5 dxe5 8. Nxe5 e6 9. Qf3 Qc7 10. Nxd7 Qxd7 11. d3 Be7 12. Be3 O-O 13. Ne4 Nxe4 14. dxe4 Qc6 15. Rad1 Rad8 16. b3 c4 17. Bd4 b5 18.
Qe3 f6 19. Bb6 Rb8 20. Ba7 Rb7 21. h4 e5 22. Rd5 f5 23. f3 f4 24. Qf2 Qh6 25.
Rfd1 Bxh4 26. Qc5 Bg3 27. Kf1 Qh1+ 28. Qg1 Qh5 29. Bc5 Re8 30. Rd8 h6 31. Ke2 Kh7 32. R8d5 Rc7 33. b4 Rc6 34. Qh1 Qxh1 35. Rxh1 Rg6 36. Rhd1 Bh4 37. Kf1 Ree6 38. Rd7 Rg5 39.
R1d6 Rgg6 40. Rd5 Bf6 41. R7d6 Be7 42. Rxe6 Rxe6 43. Rd7 Bxc5 44. bxc5 Rc6 45. Rd5 Re6 46. Rd6 Re7 47. Rxa6 Rc7 48. c6 Kg6 49. Ke2 Kf6 50. Kd2 Ke6 51. Kc3 Kd6 52. Kb4 Rxc6 53. Ra7 Rc7 54.
Kxb5 Rxa7 0-1

[Event "*** Titled Tuesday Blitz"]
[Site "Chess.com"]
[Date "2018.10.02"]
[Round "9"]
[White "MikeSailer"]
[Black "Alex_Terzi"]
[Result "1/2-1/2"]
[WhiteElo "2080"]
[BlackElo "2448"]
[TimeControl "180+2"]
[EndTime "15:00:45 PDT"]
[Termination "Game drawn by repetition"]

1. c4 Nf6 2. g3 g6 3. Bg2 Bg7 4. Nf3 O-O 5. O-O d5 6. cxd5 Nxd5 7. Nc3 c6 8. Nxd5 cxd5 9. d4 Nc6 10. Bf4 Bf5 11. Rc1 Be4 12. a3 Rc8 13. Ne5 Bxg2 14.
Nxc6 Rxc6 15. Kxg2 Rxc1 16. Bxc1 Qb6 17. e3 Rc8 18. Qa4 a6 19. Qd7 Qc6 20. Qxe7 Bf8 21.
Qe5 f6 22. Qf4 Kg7 23. Bd2 Qb5 24. Rc1 Rxc1 25. Bxc1 Qc6 26. Bd2 b5 27. Ba5 Bd6 28. Qg4 f5 29. Qg5 Qd7 30. Bd8 Qe6 31. Qh4 h6 32. h3 b4 33. axb4 Bxb4 34. Bc7 g5 35. Qh5 Qe4+ 36. Kh2 Be7 37. Be5+ Bf6 38. Qe8 Bxe5 39.
dxe5 Qf3 40. Qe7+ Kg8 41. Qe6+ Kf8 42. Qxh6+ Ke8 43. Qe6+ Kd8 44. Qd6+ Ke8 45. Qg6+ Kd7 46. e6+ Kd6 47. Qxg5 Qxf2+ 48. Kh1 Qf1+ 49. Kh2 Qe2+ 50. Kg1 Qe1+ 51. Kg2 Qe2+ 52. Kg1 Qd1+ 53. Kf2 Qd2+ 54. Kf3 Qd1+ 55. Kf2 Qd2+ 56. Kf1 Qc1+ 57. Ke2 Qc2+ 58. Kf3 Qd1+ 59. Kf2 Qc2+ 60. Ke1 Qb1+ 61. Ke2 Qc2+ 62.
Kf3 Qd1+ 63. Kf2 Qd2+ 64. Kf3 Qd1+ 65. Kf2 1/2-1/2

[Event "*** Titled Tuesday Blitz"]
[Site "Chess.com"]
[Date "2018.10.02"]
[Round "9"]
[White "PowerThinking2650"]
[Black "aquaticpineapples"]
[Result "1-0"]
[WhiteElo "2327"]
[BlackElo "2027"]
[TimeControl "180+2"]
[EndTime "15:00:47 PDT"]
[Termination "PowerThinking2650 won by resignation"]

1. e4 d5 2. exd5 Qxd5 3. Nc3 Qa5 4. d4 Nf6 5. Nf3 Nc6 6. Bb5 Nd5 7. Rb1 Nxc3 8.
bxc3 a6 9. Bxc6+ bxc6 10. O-O e6 11. c4 Be7 12. Ne5 Qxa2 13. Rb3 Qa4 14. Qf3 O-O 15. Nxc6 Bf6 16. Ne7+ Bxe7 17. Qxa8 Qxc4 18. Rb8 Qd5 19.
Qxd5 exd5 20. Bf4 c5 21. Re1 Be6 22. Rxf8+ Kxf8 23. dxc5 Bxc5 24. Ra1 Bc8 25. Be3 Bb4 26. c3 Bxc3 27. Rc1 d4 28. Bxd4 Bxd4 29. Rxc8+ Ke7 30.
Ra8 g6 31. Rxa6 h5 32. g3 Kf8 33. Kg2 Kg7 34. f4 Bc5 35. Kf3 Bd4 36. h3 Bc5 37.
Rc6 Bd4 38. Ke4 Bg1 39. g4 hxg4 40. hxg4 Ba7 41. f5 gxf5+ 42. gxf5 Bg1 43. Ke5 Bh2+ 44. Ke4 Bg3 45. Kf3 Bh2 46. Kg4 Bg1 47. Rc3 Bd4 48. Rd3 Bb2 49. Rd2 Bc1 50. Rd1 Be3 51. Re1 Bd2 52.
Re2 Bc1 53. Kf3 Kf6 54. Ke4 Ba3 55. Ra2 Bc1 56. Ra6+ Kg7 57. Rb6 Bd2 58. Kd5 Bc3 59. Rc6 Bb2 60. Kc4 Ba3 61. Kb5 Bb2 62. Kb6 f6 63. Kc7 Kh6 64. Kd7 Kg5 65. Ke6 Ba1 66. Rc1 Bb2 67. Rg1+ Kf4 68. Rf1+ Ke4 69. Rf2 Bd4 70. Rg2 Kf4 71. Rg6 Bb2 72. Rxf6 Kg5 73. Rf7 1-0

[Event "*** Titled Tuesday Blitz"]
[Site "Chess.com"]
[Date "2018.10.02"]
[Round "9"]
[White "lucasmito"]
[Black "StoreySniper"]
[Result "1-0"]
[WhiteElo "2392"]
[BlackElo "2404"]
[TimeControl "180+2"]
[EndTime "15:00:56 PDT"]
[Termination "lucasmito won by resignation"]

1. e4 g6 2. d4 Bg7 3. Nc3 c5 4.
Be3 Qa5 5. Nf3 Nf6 6. Qd2 Nc6 7. dxc5 Ng4 8. Nd5 Nxe3 9. Qxa5 Nxc2+ 10. Kd2 Nxa5 11. Kxc2 Rb8 12. Rd1 b6 13. cxb6 axb6 14. b4 Nc6 15. Kb3 e6 16. Nc7+ Ke7 17. Nb5 Ne5 18.
Nxe5 Bxe5 19. g3 Bb7 20. Bg2 Bc6 21. Nd4 Bxd4 22. Rxd4 e5 23. Rc4 Ra8 24. Rhc1 f5 25. a3 Rhf8 26. Kb2 fxe4 27. R1c2 b5 28. Rxc6 dxc6 29.
Bxe4 Ra6 30. f3 Kd6 31. h4 Rfa8 32. Rc3 R8a7 33. g4 Rd7 34. Rc5 Kc7 35. Rxe5 Rd2+ 36.
Bc2 Rf2 37. Re7+ Kb6 38. Rxh7 Ra8 39. Rf7 Re8 40. Kc3 Re3+ 41. Kd4 Rxa3 42. Bxg6 Rb2 43.
Be4 Rxb4+ 44. Ke5 Rc4 45. h5 Ra1 46. h6 Rh1 47. h7 b4 48. Rf8 Rxe4+ 49. Kxe4 Rxh7 50. g5 b3 51. g6 Rb7 52. Rh8 b2 53. Rh1 Kc5 54. f4 Kc4 55. f5 b1=Q+ 56. Rxb1 Rxb1 57.
g7 Rg1 58. f6 Kc5 59. f7 Re1+ 60. Kd3 Rd1+ 61. Ke2 1-0

[Event "*** Titled Tuesday Blitz"]
[Site "Chess.com"]
[Date "2018.10.02"]
[Round "9"]
[White "jerom555888"]
[Black "GrigorGrigorov"]
[Result "1-0"]
[WhiteElo "2719"]
[BlackElo "2723"]
[TimeControl "180+2"]
[EndTime "15:00:58 PDT"]
[Termination "jerom555888 won on time"]

1. e3 d5 2. Nf3 Nf6 3. c4 e6 4. Nc3 a6 5. b3 c5 6. d4 cxd4 7. exd4 Bb4 8. Bd2 dxc4 9. bxc4 Nc6 10. a3 Bxc3 11. Bxc3 Ne4 12. Qc2 Nxc3 13. Qxc3 O-O 14. Be2 Qf6 15. O-O Rd8 16. Rfd1 Bd7 17. Rab1 Rab8 18.
Qe3 Be8 19. Rb6 Ne7 20. Bd3 Nc8 21. Rbb1 Nd6 22. c5 Nf5 23. Qf4 Bc6 24. Bxf5 Qxf5 25. Qxf5 exf5 26. Ne5 Be4 27. Rb6 Rbc8 28. f3 Rxc5 29.
fxe4 Rxe5 30. exf5 Rxf5 31. Rxb7 h6 32. Rb4 Rfd5 33. Kf2 Re8 34. Rd2 f5 35. g3 Kf7 36.
Rc4 Re4 37. Rc6 a5 38. Ra6 h5 39. h4 Kg8 40. Kf3 Kh7 41. Rd3 Kg8 42. Rd2 Kf7 43.
Rd3 Re6 44. Rxe6 Kxe6 45. Kf4 Kf6 46. Rd2 g6 47. Rd3 Ke6 48. Kg5 Kf7 49. Kf4 Kf6 50. Rd2 Kf7 51. Rd3 Kf6 52. Rd2 Kf7 53. Kg5 Rb5 54.
Rd3 Rd5 55. a4 Kg7 56. Kf4 Kf6 57. Rd2 Rd8 58. d5 Rd6 59. Rd4 Rd8 60. d6 Ke6 61. d7 Rxd7 62. Rxd7 Kxd7 63. Kg5 1-0

[Event "*** Titled Tuesday Blitz"]
[Site "Chess.com"]
[Date "2018.10.02"]
[Round "9"]
[White "m3alam"]
[Black "ChristopherYoo"]
[Result "0-1"]
[WhiteElo "2133"]
[BlackElo "2373"]
[TimeControl "180+2"]
[EndTime "15:01:00 PDT"]
[Termination "ChristopherYoo won by resignation"]

1. d4 Nf6 2. Nf3 g6 3. g3 Bg7 4.
Bg2 O-O 5. O-O d6 6. c4 Nc6 7. Nc3 e5 8. d5 Nb8 9. e4 a5 10. Ne1 Na6 11. Nd3 Nd7 12. Be3 b6 13. Qd2 Ndc5 14.
Nxc5 Nxc5 15. f4 exf4 16. Rxf4 Ba6 17. Nb5 Bxb5 18. cxb5 Qe7 19. Raf1 Rae8 20. Bd4 Bxd4+ 21. Qxd4 Qe5 22. Qd2 Kg7 23. a3 a4 24. Rh4 h5 25.
Rhf4 Nb3 26. Qf2 Qd4 27. h4 Qxf2+ 28. Kxf2 Nd4 29. Ke3 Nxb5 30. Kd3 Re5 31. Rc1 f5 32.
exf5 Rfxf5 33. Rcc4 Rxf4 34. gxf4 Re1 35. Rxa4 Rd1+ 36. Kc2 Rd4 37. Ra8 Rc4+ 38. Kb1 Nd4 39. Bf1 Rc5 40. Bd3 Nf5 41. Rc8 Ne7 42. Re8 Nxd5 43.
Be4 Nxf4 44. Re7+ Kf6 45. Rh7 Re5 46. Bc6 Re7 47. Rh8 Kg7 48. Rc8 Ne6 49. Bd5 Kf6 50.
b3 Ke5 51. Bc4 d5 52. Bd3 Nf4 53. Bc2 Kd4 54. Rf8 Ke3 55. Rf6 Rg7 56. Rc6 d4 57.
Kb2 d3 58. Bd1 Ne2 59. Re6+ Kd2 60. Bxe2 dxe2 61. b4 e1=Q 62. Rxe1 Kxe1 0-1

[Event "*** Titled Tuesday Blitz"]
[Site "Chess.com"]
[Date "2018.10.02"]
[Round "9"]
[White "wonderfultime"]
[Black "PaulfromSPb"]
[Result "1-0"]
[WhiteElo "2853"]
[BlackElo "2518"]
[TimeControl "180+2"]
[EndTime "15:01:14 PDT"]
[Termination "wonderfultime won by checkmate"]

1. Nf3 Nf6 2. c4 e6 3. g3 a6 4.
Bg2 b5 5. b3 Bb7 6. Bb2 c5 7.
O-O Be7 8. d3 O-O 9. Nbd2 d5 10.
Qc2 Nbd7 11. Rac1 Rc8 12. Rfd1 Qb6 13. Qb1 Rfd8 14. cxd5 exd5 15. e4 Nf8 16. Nh4 d4 17. Nf5 Re8 18. b4 Ne6 19. Nxe7+ Rxe7 20. bxc5 Rxc5 21.
Rxc5 Qxc5 22. Nb3 Qd6 23. Qa1 Rd7 24. h3 Qb6 25. Rc1 h6 26. a4 bxa4 27. Qxa4 Kh7 28. Ba1 Qb5 29. Qxb5 axb5 30. f4 g6 31. Kf2 b4 32. f5 Nd8 33. Bxd4 Ne8 34. fxg6+ Kxg6 35. Ke3 Ne6 36. Bb2 Ba6 37. d4 Nd6 38. d5 Nc4+ 39. Rxc4 Bxc4 40. Na5 Bb5 41. dxe6 Rd3+ 42. Kf4 Rd2 43.
e7 Rxg2 44. Nc4 f6 45. Bd4 Rc2 46. Nd6 Bd7 47. e8=Q+ Bxe8 48. Nxe8 b3 49. Nxf6 Rc4 50. Be5 Rc2 51. Nd5 b2 52. Bxb2 Rxb2 53. Ke5 Rb3 54. Kf4 Ra3 55. h4 Rb3 56. g4 Kf7 57. h5 Rb1 58.
Kf5 Rb5 59. g5 hxg5 60. Kxg5 Ke6 61. h6 Rb1 62. Nf4+ Ke5 63. Ng6+ Kxe4 64. h7 Rb8 65. Kf6 Kd5 66. Ne7+ Ke4 67. Ng8 Rb6+ 68. Kg5 Rb5+ 69. Kg6 Kf4 70. h8=Q Rg5+ 71. Kf7 Rf5+ 72. Nf6 Re5 73.
Qh4+ Kf5 74. Qg4# 1-0

[Event "*** Titled Tuesday Blitz"]
[Site "Chess.com"]
[Date "2018.10.02"]
[Round "9"]
[White "017290"]
[Black "hypert"]
[Result "0-1"]
[WhiteElo "2238"]
[BlackElo "2316"]
[TimeControl "180+2"]
[EndTime "15:01:17 PDT"]
[Termination "hypert won by resignation"]

1. e4 e5 2. Nf3 Nc6 3. d4 exd4 4. Bc4 Bc5 5. c3 d6 6. cxd4 Bb4+ 7. Nc3 Nge7 8. O-O O-O 9. h3 h6 10. Re1 Ba5 11.
Be3 Bb6 12. Qd2 Na5 13. Bd3 d5 14. Bxh6 gxh6 15. Qxh6 Qd6 16. Qxd6 cxd6 17. exd5 Bf5 18. Bf1 Bd8 19. b4 Rc8 20. Nb5 Nc4 21. Nxa7 Ra8 22.
Nb5 Na3 23. Nxa3 Rxa3 24. Nd2 Nxd5 25. Nc4 Ra7 26. Nxd6 Be6 27. b5 Ba5 28. Re5 Bc3 29.
Rd1 Rd8 30. Ne4 Bb2 31. Rd3 Ne7 32. Rg3+ Kf8 33. Nf6 Ng6 34. Rxg6 fxg6 35. Rxe6 Kf7 36. Rb6 Bxd4 37. Bc4+ Kg7 38. Ne4 Bxb6 39. Ng5 Rd1+ 40. Kh2 Bc7+ 41. g3 Kf6 42. Ne4+ Ke7 43. Kg2 b6 44. Nc3 Rc1 45. Nd5+ Kd6 46. Bb3 Ra3 47. Ne3 Kc5 48. Bf7 g5 49. h4 gxh4 50. gxh4 Bf4 51.
Nf5 Rc2 52. Bb3 Rb2 53. h5 Kxb5 54. h6 Ra7 55. Bg8 Be5 56. h7 Kc5 57. Kf3 Bh8 58.
Ke3 Rbxa2 59. Bxa2 Rxa2 60. Ne7 Ra7 61. Ng6 Rxh7 62. Nf8 Re7+ 63. Kd3 Be5 64. Ng6 Re6 65. Ke4 Bd4+ 66. Kf5 Rf6+ 67. Ke4 Rxg6 68. f4 Rf6 69. f5 Kc4 70. Kf4 b5 71. Kg5 b4 72. Kf4 b3 73. Kg5 b2 74. Kf4 0-1

[Event "*** Titled Tuesday Blitz"]
[Site "Chess.com"]
[Date "2018.10.02"]
[Round "9"]
[White "EndgameGrinder"]
[Black "NemtsevIgor"]
[Result "1-0"]
[WhiteElo "2497"]
[BlackElo "2372"]
[TimeControl "180+2"]
[EndTime "15:01:29 PDT"]
[Termination "EndgameGrinder won by resignation"]

1. e4 c6 2. d4 d5 3. Nd2 dxe4 4. Nxe4 Nf6 5. Nxf6+ gxf6 6. c3 h5 7. Bd3 h4 8. Bf4 Qd5 9. f3 h3 10. g3 Bf5 11. Bxf5 Qxf5 12. Qb3 b6 13. O-O-O Nd7 14.
d5 Nc5 15. Qc2 Qxc2+ 16. Kxc2 cxd5 17. Rxd5 e5 18. Be3 Rd8 19. Rxd8+ Kxd8 20. Ne2 f5 21. Rd1+ Kc7 22. Rd5 f6 23. f4 Bd6 24. Bxc5 bxc5 25. c4 Rg8 26. Kb3 Kc6 27. Rd3 a6 28. Rf3 e4 29.
Re3 Rb8+ 30. Kc2 a5 31. Rb3 Rg8 32. Rb5 Ra8 33. a4 Ra7 34. Kd2 Ra8 35. Ke3 Ra7 36. Kf2 Ra8 37. Kf1 Ra7 38. Ke1 Ra8 39. Kf2 Ra7 40.
Ng1 Ra8 41. Ke3 Ra7 42. Ne2 Ra8 43. Nc3 Ra7 44. Nd5 Ra8 45. Kf2 Ra7 46. Ne3 Bf8 47.
Ke2 Rd7 48. Nd5 Ra7 49. Rb6+ Kd7 50. Nxf6+ Kc8 51. Nd5 Bg7 52. b3 Bd4 53. Rb5 Bg1 54.
Ne3 Bxh2 55. Kf2 Rd7 56. Nd5 Rg7 57. Rxc5+ Kb7 58. Rb5+ Ka6 59. Rb6+ Ka7 60. Rh6 Bxg3+ 61. Ke3 h2 62. c5 Kb7 63. c6+ Ka6 64. Rh8 Ra7 65. c7 Rxc7 66. Nxc7+ Kb6 67. Nd5+ Kc5 68. Ne7 Kb4 69. Nxf5 Be1 70. Rxh2 Kxb3 71. Kxe4 Kxa4 72. Ne3 Kb3 73. Rh3 Bc3 74. Nd1 1-0

[Event "*** Titled Tuesday Blitz"]
[Site "Chess.com"]
[Date "2018.10.02"]
[Round "9"]
[White "Fins0905"]
[Black "Kirill_Klukin"]
[Result "1-0"]
[WhiteElo "2587"]
[BlackElo "2597"]
[TimeControl "180+2"]
[EndTime "15:01:40 PDT"]
[Termination "Fins0905 won by resignation"]

1. d4 Nf6 2. c4 e6 3. Nf3 d5 4. Bg5 Bb4+ 5. Nc3 h6 6. Bxf6 Qxf6 7. Qa4+ Nc6 8. e3 O-O 9. Rc1 Bd7 10. Qc2 dxc4 11.
Bxc4 e5 12. d5 Bf5 13. Qb3 Bxc3+ 14. Qxc3 Ne7 15. Qxe5 Qg6 16. O-O Rfe8 17. Nh4 Qg5 18. Nf3 Qg6 19. Nh4 Qg5 20. Nxf5 Nxf5 21. Qxc7 Nh4 22. Qg3 Qf6 23. Bb3 Ng6 24. Rc2 Rad8 25. Rd2 Ne5 26. f4 Ng6 27. Rfd1 Qb6 28. Rd4 Rd6 29.
Qf2 Ne7 30. e4 Rdd8 31. e5 Nf5 32. R4d2 Qa5 33. d6 g6 34. g4 Ng7 35. Rd5 Qa6 36.
f5 Kh7 37. Bc2 Qxa2 38. fxg6+ fxg6 39. Qf7 Re6 40. R1d2 Qc4 41. h3 Qb4 42. Kg2 Qb6 43. Be4 Qb4 44. R5d4 Qc5 45. Rd5 Qc4 46. Bf3 Qb4 47.
Qc7 Rf8 48. Qc3 Qf4 49. d7 Rd8 50. Qc7 Qf8 51. Rc5 Qe7 52. Qxd8 Qxd8 53. Rc8 Re8 54.
Rxd8 Rxd8 55. Bxb7 Kg8 56. Kf3 Kf8 57. Ke4 Ke7 58.
Bc6 Ne6 59. b4 Ng5+ 60. Kd5 Ne6 61. b5 Nf4+ 62. Ke4 Ne6 63. Rd6 Ng5+ 64. Kd5 Rg8 65. Rf6 Nxh3 66. Re6+ Kf7 67. Re8 Nf4+ 68. Kd6 1-0

[Event "*** Titled Tuesday Blitz"]
[Site "Chess.com"]
[Date "2018.10.02"]
[Round "9"]
[White "mishanick"]
[Black "kleinebeer98"]
[Result "1-0"]
[WhiteElo "2854"]
[BlackElo "2583"]
[TimeControl "180+2"]
[EndTime "15:01:47 PDT"]
[Termination "mishanick won on time"]

1. d4 e6 2. c4 b6 3. Nf3 Bb7 4. g3 f5 5. Bg2 Nf6 6. O-O Be7 7.
d5 exd5 8. Nh4 g6 9. cxd5 Ne4 10. Nf3 Bf6 11. Qb3 Na6 12. Rd1 Nac5 13. Qc2 O-O 14. Nc3 Nxc3 15. bxc3 Ne4 16. Bb2 Qe7 17. c4 Qc5 18. e3 Rae8 19. Rac1 Qa5 20. Bd4 Nc5 21. Bxf6 Rxf6 22. Nd4 a6 23. Nb3 Qa3 24. h4 a5 25.
Nd4 Ba6 26. h5 Ne4 27. hxg6 hxg6 28. Bxe4 Rxe4 29. c5 b5 30. Rd3 Qb4 31. a3 Qc4 32. Qxc4 bxc4 33. Rd2 Re5 34. Nf3 Re8 35. Rb2 Kg7 36.
Rc3 Kh6 37. Rb1 g5 38. Rd1 f4 39. Nd2 fxg3 40. fxg3 Re5 41. e4 c6 42. Nxc4 Rxe4 43.
Nd6 Re2 44. g4 Rff2 45. Rh3+ Kg6 46. dxc6 dxc6 47. Ne4 Rg2+ 48. Kh1 Rxg4 49. Rd6+ Kf5 50. Ng3+ Kf4 51. Nxe2+ Bxe2 52. Kh2 Bb5 53. Rd4+ Kf5 54. Rf3+ Rf4 55. Kg3 Rxf3+ 56. Kxf3 Ke5 57. Rd6 Bc4 58. Kg4 Bd5 59. Rd8 Kd4 60. Ra8 Kxc5 61. Rxa5+ Kc4 62.
Kxg5 c5 63. Kf4 Kd4 64. Kg3 c4 65. Kf2 1-0

[Event "*** Titled Tuesday Blitz"]
[Site "Chess.com"]
[Date "2018.10.02"]
[Round "9"]
[White "saraswathii"]
[Black "senecacrane"]
[Result "1-0"]
[WhiteElo "2309"]
[BlackElo "2164"]
[TimeControl "180+2"]
[EndTime "15:02:05 PDT"]
[Termination "saraswathii won by resignation"]

1. e4 c6 2. d3 d5 3. Nd2 e5 4. Ngf3 Nd7 5. g3 Ngf6 6. Bg2 Bd6 7. O-O O-O 8. Qe2 Re8 9. Nh4 Nf8 10. Ndf3 Ng6 11.
Nf5 Bf8 12. h4 Bxf5 13. exf5 Ne7 14. Qxe5 Qd7 15. Bh3 Nc8 16. Qc3 Nd6 17. g4 h5 18.
g5 Ng4 19. f6 Nf5 20. Bf4 g6 21.
Rae1 Bd6 22. Qd2 Qc7 23. Bxd6 Qxd6 24. d4 Re4 25. Rxe4 dxe4 26. Bxg4 hxg4 27. Ne5 Nxh4 28. Re1 Re8 29. Qe3 Nf3+ 30. Nxf3 gxf3 31. Rd1 c5 32. c3 Qd5 33. b3 Qf5 34. Kf1 cxd4 35. Rxd4 Qh3+ 36. Ke1 Qh1+ 37. Kd2 Qb1 38. Ra4 Qb2+ 39. Ke1 Qb1+ 40. Kd2 Rd8+ 41. Rd4 Qxa2+ 42. Kc1 Qa1+ 43. Kc2 Qa2+ 44. Kc1 Re8 45. Rxe4 Rxe4 46. Qxe4 Qa3+ 47. Kd2 Qd6+ 48. Ke3 Kf8 49. Kxf3 Qd1+ 50. Kg2 Qd7 51. Qb4+ Kg8 52. Qh4 Qd5+ 53. Kg1 Qd1+ 54. Kh2 Qd6+ 55. Qg3 Qd8 56. c4 Kf8 57. Qh4 Qd6+ 58. Kh3 Qe6+ 59. Kg2 Ke8 60. Qd4 Qc6+ 61. f3 Qe6 62. Qxa7 Qe2+ 63. Qf2 Qd3 64. Qe1+ Kd7 65. Qe7+ Kc6 66. Qe8+ Kb6 67. Qb5+ Ka7 68. Qc5+ Ka8 69. Qf8+ Ka7 70. Qxf7 Qe2+ 71. Kg3 Qe1+ 72. Kf4 Qd2+ 73. Ke5 Qxg5+ 74. Ke6 Qf5+ 75. Ke7 Qe5+ 76. Kf8 Qd6+ 77. Qe7 Qb8+ 78. Kg7 g5 79. f7 Qg3 80. f8=Q Qe1 81. Qxe1 Ka6 1-0

[Event "*** Titled Tuesday Blitz"]
[Site "Chess.com"]
[Date "2018.10.02"]
[Round "9"]
[White "Bryakin_Mikhail"]
[Black "Anton_Demchenko"]
[Result "0-1"]
[WhiteElo "2676"]
[BlackElo "2830"]
[TimeControl "180+2"]
[EndTime "15:02:10 PDT"]
[Termination "Anton_Demchenko won by resignation"]

1. d4 Nf6 2. c4 g6 3. Nc3 Bg7 4. e4 O-O 5. h3 d6 6. Be3 Nbd7 7.
Nf3 e5 8. d5 a5 9. Bd3 Nh5 10.
Bc2 Nc5 11. Qd2 Nf4 12. O-O Qf6 13. Bd1 Bd7 14. Kh2 Qe7 15. Ng1 f5 16. Bxc5 dxc5 17. g3 fxe4 18. Nxe4 Bf5 19. Bc2 Nh5 20. h4 Bxe4 21.
Bxe4 Nf6 22. Qe2 a4 23. Kg2 Ne8 24. Nf3 Bf6 25. Ne1 Nd6 26. Nd3 b6 27. Rac1 Qd7 28. Rh1 Rf7 29. h5 g5 30. h6 g4 31. Rh5 Re8 32. b3 a3 33. Rf1 Bd8 34. Qe3 Qe7 35. Qe2 Qd7 36. Qe3 Qe7 37. Qe2 Qd7 38. Qe3 Kh8 39.
Qe2 Bf6 40. f3 gxf3+ 41. Rxf3 Qe7 42. Nf2 Rg8 43. g4 Bg5 44. Rxf7 Qxf7 45. Qf3 Bf4 46. Kh3 Qd7 47. Kh4 Rf8 48. Qe2 Nf7 49. Bf5 Qe7+ 50.
Kh3 Nxh6 51. Qe4 Nxf5 52. Rxf5 Rxf5 53. Qxf5 Bh6 54. Ne4 Qf8 55. Qxf8+ Bxf8 56. g5 Kg7 57. Kg4 Kg6 58. Nf6 Bd6 59. Ne4 Be7 60. Nc3 Bxg5 61. Nb5 Bd8 62. Nxa3 h5+ 63. Kf3 Kf5 64. Nc2 e4+ 65.
Ke2 Ke5 66. Ne3 Bg5 67. Nf1 h4 68. Nh2 Bf4 69. Ng4+ Kd4 70. Nf2 e3 71. Nh3 Bh6 72. Ng1 Kc3 73. Nf3 h3 74. Nh2 Bf4 75. Ng4 Kb2 76. Kf3 Bg5 77. d6 cxd6 78. Ke4 e2 0-1